 Dungeon Crawl Stone Soup version bcrawl-1.28.1b (webtiles) character file.

Game seed: 6559004484309132705

90308 Morbidden the Sneak (level 4, 0/36 HPs)
             Began as a Hill Orc Archaeologist on Jan 1, 2021.
             Slain by a centaur
             ... wielding a +0 rapier
              (3 damage)
             ... on level 3 of the Dungeon.
             The game lasted 00:02:50 (2789 turns).

Morbidden the Sneak (Hill Orc Archaeologist)        Turns: 2789, Time: 00:02:51

Health: 0/36       AC:  6    Str: 11 (14) XL:     4   Next: 26%
Magic:  4/4        EV: 18    Int: 13 (14) God:
Gold:   208        SH:  0    Dex: 11 (14) Spells: 3/3 levels left

rFire    . . .     SeeInvis .   i - +0 dagger
rCold    . . .     Gourm    .   (no shield)
rNeg     . . .     Faith    .   b - +1 robe
rPois    .         Spirit   .   c - +1 hat
rElec    .         Reflect  .   (no cloak)
rCorr    .         Harm     .   (no gloves)
MR       .....                  d - +1 pair of boots
Stlth    +++++.....             (no amulet)
HPRegen  0.12/turn              (no ring)
MPRegen  0.09/turn              s - ring of stealth

@: agile, swift, flying, quick
A: no striking features
a: no special abilities


You were on level 3 of the Dungeon.
You were hungry.

You visited 1 branch of the dungeon, and saw 3 of its levels.

You collected 208 gold pieces.

Inventory:

Hand Weapons
 a - a +0 whip
 i - a +0 dagger (weapon)
Missiles
 n - 843 stones (quivered)
 p - 133 bolts
 t - 467 sling bullets
 y - 105 arrows
Armour
 b - a +1 robe (worn)
 c - a +1 hat (worn)
 d - a +1 pair of boots (worn)
Jewellery
 j - the ring "Uqyex" {Fire rN+}
   (You found it on level 1 of the Dungeon)

   [ring of fire]

   It enhances your fire magic.
   It protects you from fire.
   It makes you vulnerable to cold.
   It protects you from negative energy.
 s - a ring of stealth (right hand)
Scrolls
 g - a scroll of magic mapping
 h - a scroll of noise {unknown}
 k - a scroll of fog {unknown}
 m - 2 scrolls of identify
 q - a scroll of fear {unknown}
 r - a scroll of remove curse {unknown}
 v - a scroll of blinking {unknown}
 x - 2 scrolls of teleportation {unknown}
Potions
 u - a potion of agility
Miscellaneous
 f - a dusty tome
Comestibles
 e - 2 rations {!d}


   Skills:
 * Level 2.1 Fighting
   Level 2.1 Short Blades
   Level 2.1 Long Blades
   Level 2.1 Axes
   Level 2.1 Maces & Flails
   Level 2.1 Polearms
   Level 2.1 Staves
 + Level 0.1 Throwing
 + Level 3.2 Dodging
 + Level 3.3 Stealth
   Level 2.1 Unarmed Combat


You had 3 spell levels left.
You didn't know any spells.
Your spell library was empty.

Dungeon Overview and Level Annotations

Branches:
Dungeon (3/12)

Altars:


Message History

You feel very buoyant.
You fly up into the air.
The centaur unwields a +0 rapier.
The centaur wields a +0 shortbow.
The centaur shoots an arrow.
The arrow barely misses you.
Unknown command.
Unknown command.
Unknown command.
The centaur unwields a +0 shortbow.
The centaur wields a +0 rapier.
The centaur closely misses you.
You hit the centaur.
The centaur is severely wounded.
The centaur barely misses you.
You are feeling hungry.
You hit the centaur but do no damage.
The centaur is severely wounded.
The centaur barely misses you.
You hit the centaur.
The centaur is almost dead.
The centaur hits you with a +0 rapier.
You die...

#................ ...........
##.#............. ..#...#...
#.#).##.#.##...####.##.......
#####.#..................
......>
.........................
..###.#..####...........#
..###.#..# #.##.........
..'......####.###c.#
..###...........@..### ..#
###................. ###
#.#####.##........
#.#####.##........#
#######.##...............
........##.#..#........#.
#####......#..#........#
#......#..#........#
#......#... .....


You could see a centaur.

Vanquished Creatures
  Jessica (D:3)
  3 leopard geckos
  A ball python (D:1)
  2 giant cockroaches (D:2)
  5 goblins (D:1)
  2 hobgoblins (D:2)
  2 jackals (D:3)
  6 bats
  7 frilled lizards
  9 kobolds
  6 rats
44 creatures vanquished.

Notes
Turn   | Place    | Note
-------+----------+-------------------------------------------
     0 | D:1      | Morbidden the Hill Orc Archaeologist began the quest for
                  | the Orb.
     0 | D:1      | Reached XP level 1. HP: 16/16 MP: 1/1
   320 | D:1      | Reached XP level 2. HP: 24/24 MP: 2/2
   639 | D:1      | Got a bound bone ring
  1268 | D:2      | Reached XP level 3. HP: 28/29 MP: 3/3
  1875 | D:2      | Identified the ring "Uqyex" {Fire rN+} (You found it on
                  | level 1 of the Dungeon)
  2080 | D:2      | Noticed a scorpion
  2358 | D:3      | Noticed Jessica
  2381 | D:3      | Killed Jessica
  2382 | D:3      | Reached XP level 4. HP: 19/36 MP: 4/4
  2760 | D:3      | Noticed a centaur
  2789 | D:3      | Slain by a centaur

Skill      XL: |  1  2  3 |
---------------+----------+-----
Stealth        | 3 |  3.3
Dodging        | 3 |  3.2
Fighting       | 2 |  2.1
Short Blades   | |  2.1
Long Blades    | |  2.1
Axes           | |  2.1
Maces & Flails | |  2.1
Polearms       | |  2.1
Staves         | |  2.1
Throwing       | |  0.1
Unarmed Combat | |  2.1

Action                   |  1- 3 |  4- 6 || total
-------------------------+-------+-------++-------
Melee: Whip              |    49 |       ||    49
       Dagger            |   146 |    29 ||   175
       Punch             |     1 |       ||     1
Throw: Stone             |     8 |       ||     8
  Use: Potion            |     1 |     3 ||     4
 Stab: Sleeping          |     5 |     1 ||     6
  Eat: Chunk             |     5 |     2 ||     7
       Ration            |     1 |       ||     1
Armor: Robe              |    61 |     8 ||    69
Dodge: Dodged            |   122 |    25 ||   147
